 Dungeon Crawl Stone Soup version 0.28.0 (webtiles) character file.

Game seed: 14265271294330587380

86 hikkokomori the Shield-Bearer (level 4, -2/37 HPs)
             Began as a Formicid Fighter on Feb 14, 2022.
             Slain by an orc (4 damage)
             ... on level 3 of the Dungeon.
             The game lasted 00:03:47 (1938 turns).

hikkokomori the Shield-Bearer (Formicid Fighter)    Turns: 1938, Time: 00:03:47

Health: -2/37      AC:  7    Str: 22    XL:     4   Next: 78%
Magic:  4/4        EV:  9    Int:  8    God:
Gold:   120        SH:  4    Dex: 10    Spells: 3/3 levels left

rFire   . . .      SeeInvis +   a - +0 war axe
rCold   . . .      Faith    .   c - +0 buckler
rNeg    . . .      Spirit   .   b - +0 scale mail
rPois   .          Reflect  .   (helmet unavailable)
rElec   .          Harm     .   (no cloak)
rCorr   .          Rampage  .   (no gloves)
Will    .....                   (no boots)
Stlth   ..........              (no amulet)
HPRegen 0.12/turn               (no ring)
MPRegen 0.09/turn               (no ring)

@: no status effects
A: permanent stasis, dig shafts and tunnels, antennae 3, four strong arms
a: Dig, Shaft Self


You were on level 3 of the Dungeon.
You visited 1 branch of the dungeon, and saw 3 of its levels.

You collected 120 gold pieces.

Inventory:

Hand Weapons
 a - a +0 war axe (weapon)
Missiles
 h - 7 poisoned darts
Armour
 b - a +0 scale mail (worn)
 c - a +0 buckler (worn)
Scrolls
 f - a scroll of amnesia {unknown}
 j - 2 scrolls of identify {unknown}
 l - a scroll of enchant armour {unknown}
 m - a scroll of blinking {unknown}
Potions
 d - a potion of might
 e - 2 potions of curing {unknown}
 g - a potion of berserk rage
 i - a potion of flight {unknown}
 k - a potion of mutation {unknown}


   Skills:
 + Level 4.0 Fighting
 + Level 2.8 Axes
 + Level 4.0 Armour
 + Level 4.4 Shields


You had 3 spell levels left.
You didn't know any spells.
Your spell library was empty.

Dungeon Overview and Level Annotations

Branches:
Dungeon (3/15)

Altars:

Shops:
D:2 *


Innate Abilities, Weirdness & Mutations

You cannot be hasted, slowed, berserked, paralysed or teleported.
You can dig through walls and to a lower floor.
You have a pair of large antennae on your head. (SInv)
Your four strong arms can wield two-handed weapons with a shield.


Message History

The orc hits you with a +2 morningstar of protection.
Unknown command.
You slash the orc!
You kill the orc!
You barely miss the giant cockroach.
The giant cockroach bites you but does no damage.
The giant cockroach barely misses you.
Unknown command.
You slash the giant cockroach!
You kill the giant cockroach!
The adder bites you.
Unknown command.
You barely miss the adder. The adder bites you.
* * * LOW HITPOINT WARNING * * *
You are poisoned.
The adder poisons you! You block the adder's attack.
Unknown command.
You miss the adder.
You feel sick. The adder bites you.
* * * LOW HITPOINT WARNING * * *
You block the adder's attack.
You slash the adder!
You kill the adder!
You feel sick. The orc closely misses you.
Your Armour skill increases to level 4!
Unknown command.
It was a potion of berserk rage.
Your stasis prevents you from going berserk.
You feel sick. The orc completely misses you.
You closely miss the orc.
You feel sick. The orc hits you but does no damage.
Unknown command.
You hit the orc.
The orc is severely wounded.
You feel sick.
You are no longer poisoned.
The orc closely misses you. The orc hits you with a +0 hand axe.
* * * LOW HITPOINT WARNING * * *
You barely miss the orc.
The orc is severely wounded.
The orc hits you with a +0 hand axe.
You die...

.### ..<. ####..##. ..#
#=#......
#....####.#...#######
.....oo@......#.....#
(#...###....<##.....####
...#####.....##.........
.............####.#####.
..............†........
#............###....###
###............####..##
......†........# ##..#
###..........#....###..


You could see 2 orcs.

Vanquished Creatures
  2 adders (D:3)
  3 worms
  2 orcs (D:3)
  6 bats
  5 endoplasms
  2 giant cockroaches
  3 goblins
  4 hobgoblins
  3 jackals (D:1)
  5 quokkas
  7 ball pythons
  2 frilled lizards
  8 kobolds
  2 rats (D:2)
54 creatures vanquished.

Vanquished Creatures (others)
  5 demonic plants (D:1)
  A fungus (D:1)
  2 withered plants (D:1)
8 creatures vanquished.

Grand Total: 62 creatures vanquished

Notes
Turn   | Place    | Note
-------+----------+-------------------------------------------
     0 | D:1      | hikkokomori the Formicid Fighter began the quest for the
                  | Orb.
     0 | D:1      | Reached XP level 1. HP: 18/18 MP: 1/1
   112 | D:1      | Reached XP level 2. HP: 16/24 MP: 2/2
   292 | D:1      | Found a faded altar of an unknown god.
   752 | D:1      | Reached XP level 3. HP: 29/29 MP: 3/3
   816 | D:1      | You fall into a shaft and drop 1 floor!
   877 | D:2      | Found Qoymm's Assorted Antiques.
  1289 | D:2      | Reached XP level 4. HP: 37/37 MP: 4/4
  1938 | D:3      | Slain by an orc

Illustrated notes

Levels and vault maps discovered:
D:1:      saegor_arrival_fortress, layout_basic, shapermc_ecumenical_altar_gd
D:2:      layout_rooms, serial_shops, nicolae_diamond_shop, minivault_26,
          st_stairs_10
D:3:      layout_rooms, mainiacjoe_overflow_small_starburst, tso_altar,
          lemuel_doored_altar, nicolae_ru_great_annihilating_truth, uniq_terence

Skill      XL: |  1  2  3  4 |
---------------+-------------+-----
Shields        | 4 |  4.4
Fighting       | 4 |  4.0
Armour         | 4 |  4.0
Axes           | |  2.8

Action                   |  1- 3 |  4- 6 || total
-------------------------+-------+-------++-------
Melee: War axe           |   122 |    39 ||   161
  Use: Potion            |       |     1 ||     1
Armor: Scale mail        |    55 |    14 ||    69
Dodge: Dodged            |    58 |    14 ||    72
Block: Buckler           |    25 |     9 ||    34
